Unix NetHack Version 3.7.0-89 Work-in-progress - last build Sep 25 2023 05:26:45 (48e034876007844a536bf88644040a71d2893410,branch:master). Game began 2023-09-26 15:20:25, ended 2023-09-27 14:15:03. ranchyang96, chaotic male elven Wizard ------------- |...........| ----- |...........| ## |....# ............| ------# |.>{|# ------ #|...........| #|....|# --.--# |.....| #............| #.....|# #### # |.....-#######-------|----- #|....|# ----- # # |.....|# ### #### #|.....#######..`.| # # ------ # # ##|....|##### |[..| # ### # ## % --+-.- ## |....######## # # # ### ####### -----####-.-.----- ## # # # ## #%######## # |........#### # # # # # |.......| ### # --a--## ##........| ### ------ #------ |.@.|# |.......| ###..%.[| #|..... |...-# |.......| #|....| #|..^<| |...| |.......| .....| #...{.. |.... ---.----- |....| ------ ----- ------ Ranchyang96 the Conjurer St:11 Dx:15 Co:16 In:20 Wi:8 Ch:7 Chaotic S:944 Dlvl:5 $:0 HP:0(35) Pw:49(51) AC:4 Xp:4/150 T:2233 Latest messages: Something is written here in the dust. You read: "Elbereth". You see no objects here. What do you want to write with? [- aceklsvxzA or ?*] - You write in the dust with your fingertip. What do you want to write in the dust here? Elbereth Something is written here in the dust. You read: "Elbereth". You see no objects here. The giant ant turns to flee. The giant ant turns to flee. The giant bat turns to flee. Pick an object. i an imp or minor demon (peaceful imp) [seen: normal vision, infravision] What do you want to write with? [- aceklsvxzA or ?*] - You write in the dust with your fingertip. What do you want to write in the dust here? Elbereth Something is written here in the dust. You read: "Elbereth". You see no objects here. You stop waiting. The giant bat misses! The giant bat bites! You miss the giant bat. The giant bat bites! You miss the giant bat. The giant bat misses! The giant bat misses! You miss the giant bat. The giant bat bites! The giant bat bites! You hit the giant bat! The giant bat just misses! The giant bat bites! You kill the giant bat! You hear the splashing of a naiad. You miss the giant ant. The giant ant bites! The giant ant bites! You hit the giant ant. The giant ant bites! You miss the giant ant. The giant ant bites! The giant ant bites! You die... Do you want your possessions identified? [ynq] (y) y Do you want to see your attributes? [ynq] (y) y Do you want an account of creatures vanquished? [ynaq] (y) y Do you want to see your conduct and achievements? [ynq] (y) y Do you want to see the dungeon overview? [ynq] (y) y Inventory: Weapons A - a +0 dagger v - a +0 orcish dagger (alternate weapon; not wielded) a - a blessed +1 quarterstaff named find better armor (weapon in hands) Armor b - an uncursed +0 cloak of magic resistance (being worn) r - an uncursed +0 orcish chain mail (being worn) Comestibles f - an uncursed tripe ration w - an uncursed lichen corpse Scrolls i - a blessed scroll of teleportation Rings e - an uncursed +1 ring of gain strength (on right hand) z - an uncursed +1 ring of protection (on left hand) Wands c - a wand of probing (0:7) s - a wand of sleep (0:6) Tools p - an uncursed bag of holding named sleep containing 20 items D - an empty uncursed sack o - a bag of tricks (0:14) h - an uncursed leather drum Gems/Stones x - an uncursed worthless piece of black glass k - an uncursed worthless piece of red glass l - an uncursed worthless piece of yellow glass Contents of the bag of holding named sleep: 94 gold pieces an uncursed +0 pair of iron shoes a blessed +0 Hawaiian shirt with a giant eel motif an uncursed apple an uncursed carrot an uncursed food ration an uncursed scroll of confuse monster an uncursed scroll of identify a cursed scroll of identify an uncursed scroll of scare monster an uncursed potion of booze a cursed potion of fruit juice a blessed potion of levitation an uncursed potion of object detection an uncursed potion of paralysis an uncursed potion of restore ability a blessed potion of sickness an uncursed potion of sickness an uncursed ring of shock resistance an uncursed bell Ranchyang96 the Wizard's attributes: Background: You were a Conjurer, a level 4 male elven Wizard. You were chaotic, on a mission for Anhur who was opposed by Ptah (lawful) and Thoth (neutral). You were in the Dungeons of Doom, on level 5. You entered the dungeon 2233 turns ago. You had 150 experience points, 10 more were needed to attain level 5. Your score was 944 before end-of-game adjustments. Basics: You had 0 out of 35 hit points. You had 49 out of 51 energy points (spell power). Your armor class was 4. Your wallet was empty, but you had 94 zorkmids stashed away in your pack. Autopickup was on for '$"?+!=/' plus thrown, with exceptions. Final Characteristics: Your strength was 11 (base:10, limit:18). Your dexterity was 15 (limit:18). Your constitution was 16 (limit:16). Your intelligence was 20 (limit:20). Your wisdom was 8 (limit:20). Your charisma was 7 (limit:18). Final Status: You were not hungry. You were unencumbered. You were wielding a quarterstaff. You had basic skill with quarterstaff. Final Attributes: You were piously aligned. You were magic-protected. You were sleep resistant. You had infravision. You had a small defense bonus (+1). You were guarded. You are dead. Miscellaneous: You disabled loading of bones levels. Total elapsed playing time was 1 hour, 10 minutes and 26 seconds. Major events: Turn 1: ranchyang96 the chaotic male elven Wizard entered the dungeon 727: entered the Gnomish Mines 1349: attained the rank of Conjurer (level 3) 2233: killed by a giant ant Vanquished creatures: a fog cloud a kobold mummy a giant ant a kitten a kobold leader a giant bat an acid blob a coyote 2 hobbits 2 giant rats a brown mold a red mold 2 geckos 4 jackals a kobold 2 goblins 3 sewer rats 4 grid bugs 4 bats 2 lichens 2 kobold zombies 7 newts 45 creatures vanquished. No species were genocided or became extinct. Voluntary challenges: You read items or engraved 23 times. You engraved Elbereth 19 times. You never genocided any monsters. You never polymorphed an object. You never changed form. You used no wishes. Achievements: You entered a shop. You entered the Gnomish Mines. You attained the rank of Conjurer. The Dungeons of Doom: levels 1 to 6 Level 1: "booksdropped" Level 2: A general store. Stairs down to The Gnomish Mines. Level 3: Level 4: Level 5: <- You were here. Some fountains. Final resting place for you, killed by a giant ant. Level 6: The Gnomish Mines: Level 3: "Dark" Game over: ---------- / \ / REST \ / IN \ / PEACE \ / \ | ranchyang96 | | 94 Au | | killed by a | | giant ant | | | | | | 2023 | *| * * * | * _________)/\\_//(\/(/\)/\//\/|_)_______ Goodbye ranchyang96 the Wizard... You died in The Dungeons of Doom on dungeon level 5 with 935 points, and 94 pieces of gold, after 2233 moves. You were level 4 with a maximum of 35 hit points when you died.